Map: Cerulean Fall LE

Players

Bly

  • Race: Zerg Zerg
  • League: Master
  • Spawn Location: 1:00

soO - Winner!

  • Race: Zerg Zerg
  • League: Master
  • Spawn Location: 7:00

Event: HomeStory Cup XVIII

VOD

Have the link to the VOD?

Description

Time

  • Played on: Nov. 23, 2018, 9:57 a.m.
  • Length: 5:09

All games in this series

Show
View Real Time Build Order
Export as new Build Order

Bly Zerg 

Build Orders: Pool First 

Get SALT Encoding   

  12  0:17  Spawning Pool  
  11  0:22  Drone  
  11  0:26  Drone  
  13  0:30  Drone  
  14  0:43  Overlord  
  15  1:04  Zergling x4  
  15  1:05  Zergling x2  
  17  1:15  Zergling x2  
  18  1:24  Hatchery  
  17  1:33  Zergling x2  
  18  1:42  Spine Crawler  
  18  1:44  Zergling x2  
  18  1:50  Queen  
  20  1:55  Drone  
  21  2:05  Overlord  
  21  2:10  Drone  
  22  2:29  Queen  
  22  2:35  Drone x2  
  26  2:46  Drone x2  
  26  2:58  Queen  
  25  3:02  Spine Crawler  
  24  3:05  Zergling x4  
  24  3:09  Zergling x2  
  24  3:11  Zergling x2  
  27  3:13  Zergling x2  
  27  3:19  Zergling x2  
  29  3:21  Zergling x2  
  30  3:30  Zergling x2  
  30  3:33  Queen  
  32  3:43  Zergling x2  
  32  3:44  Zergling x4  
  32  3:46  Zergling x2  
  28  3:54  Zergling x4  
  25  3:56  Zergling x2  
  20  4:12  Drone  
  20  4:15  Drone  
  22  4:20  Drone  
  23  4:25  Drone  
  23  4:27  Drone  
  25  4:40  Evolution Chamber  
  25  4:43  Evolution Chamber  
  23  4:46  Evolution Chamber  
  25  5:02  Evolution Chamber  
Show
View Real Time Build Order
Export as new Build Order

soO Zerg - Winner!

Build Orders: Pool First, Zergling Baneling 

Get SALT Encoding   

  12  0:00  Drone  
  13  0:12  Overlord  
  13  0:17  Drone  
  14  0:30  Drone x2  
  14  0:34  Drone  
  17  0:43  Extractor  
  17  0:44  Drone  
  17  0:49  Spawning Pool  
  16  0:55  Drone  
  17  1:06  Drone  
  18  1:17  Hatchery  
  17  1:21  Drone  
  18  1:36  Queen, Zergling x2  
  21  1:44  Metabolic Boost  
  21  1:49  Overlord  
  21  2:01  Drone  
  21  2:05  Baneling Nest  
  21  2:09  Zergling x2  
  21  2:14  Queen  
  24  2:19  Zergling x2  
  25  2:29  Zergling x2  
  26  2:33  Zergling x4  
  28  2:43  Zergling x4  
  29  2:51  Overlord  
  29  2:57  Zergling x4  
  29  3:07  Zergling x6  
  32  3:16  Baneling  
  32  3:17  Baneling x2  
  32  3:24  Drone x3  
  35  3:32  Baneling  
  35  3:33  Baneling  
  33  3:48  Drone x3  
  33  3:49  Overlord  
  30  3:56  Zergling x4  
  30  3:57  Zergling x4  
  34  4:06  Zergling x2  
  34  4:09  Zergling x2  
  33  4:19  Zergling x4  
  33  4:22  Hatchery  
  34  4:26  Baneling x2  
  34  4:29  Zergling x2  
  34  4:30  Zergling x4  
  37  4:34  Baneling  
  37  4:38  Drone  
  37  4:39  Drone x2  
  37  4:44  Drone  
  41  4:46  Overlord  
  41  4:53  Drone  
Tags
 
Add a new tag
Caveats
  • Supply blocks, unpowered buildings, or Contaminate may cause inaccurate times.
  • Supply counts are checked every 10 seconds.